 Dungeon Crawl Stone Soup version 0.17-a0-1923-gc35365e (webtiles) character file.

3927 graki42 the Thaumaturge (level 10, -1/52 HPs)
             Began as a Deep Elf Conjurer on Sept 28, 2015.
             Was a Priest of Vehumet.
             Shot with a sling bullet by Joseph (16 damage)
             ... on level 8 of the Dungeon.
             The game lasted 00:47:22 (6668 turns).

graki42 the Thaumaturge (Deep Elf Conjurer)         Turns: 6668, Time: 00:47:22

Health: -1/52      AC:  3    Str:  7    XL:     10   Next: 1%
Magic:  18/45      EV: 14    Int: 23    God:    Vehumet [***...]
Gold:   232        SH:  0    Dex: 15    Spells: 5 memorised, 17 levels left

rFire  . . .     SeeInvis +     p - +1 short sword of Supply {venom, Int+2}
rCold  . . .     Clarity  .     w - +3 leather armour of Feasting {Str+2}
rNeg   . . .     SustAt   .     (no shield)
rPois  +         Gourm    .     s - +0 helmet
rElec  .         Spirit   .     F - +0 cloak
rCorr  .         Warding  .     v - -6 pair of gloves "Naososoq" {MP+9 Str-3 SInv}
rMut   .         Stasis   .     (no boots)
MR     +....                    (no amulet)
Stlth  +++.......               o - ring of poison resistance
                                d - ring of magical power

@: drained, somewhat resistant to hostile enchantments, fairly stealthy
A: no striking features
a: Renounce Religion


You were on level 8 of the Dungeon.
You worshipped Vehumet.
Vehumet was most pleased with you.
You were not hungry.

You visited 2 branches of the dungeon, and saw 9 of its levels.
You also visited: Sewer and Ossuary.

You collected 661 gold pieces.
You spent 429 gold pieces at shops.

Inventory:

Hand weapons
 p - the +1 short sword of Supply (weapon) {venom, Int+2}
   (You took it off a crimson imp on level 5 of the Dungeon)

   It poisons the flesh of those it strikes.
   It affects your intelligence (+2).
Armour
 s - a +0 helmet (worn)
 v - the -6 pair of gloves "Naososoq" (worn) {MP+9 Str-3 SInv}
   (You bought it in a shop on level 5 of the Dungeon)

   It affects your strength (-3).
   It affects your magic capacity (+9).
   It lets you see invisible.
 w - the +3 leather armour of Feasting (worn) {Str+2}
   (You bought it in a shop on level 5 of the Dungeon)

   It affects your strength (+2).
 F - a +0 cloak (worn)
Magical staves
 I - an uncursed staff of fire
Jewellery
 a - a cursed ring of loudness {unknown}
 d - a ring of magical power (left hand)
 o - a ring of poison resistance (right hand)
 G - a cursed -2 ring of slaying
Magical devices
 n - a wand of fireball (6)
 E - a wand of enslavement (12)
Scrolls
 e - 2 scrolls of teleportation
 k - 6 scrolls of remove curse
 r - 2 scrolls of recharging
 y - a scroll of immolation {unknown}
 B - a scroll of fog
 C - a scroll of blinking
 H - a scroll of identify
 K - a scroll of enchant armour {unknown}
Potions
 g - a potion of cancellation {unknown}
 h - 3 potions of might
 i - 4 potions of heal wounds
 j - 2 potions of flight
 l - a potion of ambrosia {unknown}
 m - 9 potions of curing
 q - 5 potions of magic
 u - 2 potions of haste
Books
 b - a book of Conjurations

   Spells                             Type                      Level
   a - Magic Dart                     Conjuration                  1
   b - Searing Ray                    Conjuration                  2
   c - Dazzling Spray                 Conjuration/Hexes            3
   d - Fulminant Prism                Conjuration/Hexes            4
   e - Iskenderun's Mystic Blast      Conjuration                  4
   f - Iskenderun's Battlesphere      Conjuration/Charms           5
 D - a book of Unlife

   Spells                             Type                      Level
   a - Recall                         Summoning/Translocation      3
   b - Animate Dead                   Necromancy                   4
   c - Control Undead                 Necromancy                   4
   d - Cigotuvi's Embrace             Necromancy                   5
   e - Death Channel                  Necromancy                   6
   f - Simulacrum                     Ice/Necromancy               6
Comestibles
 c - 4 bread rations
 f - 2 meat rations
 t - a chunk of flesh
 x - a royal jelly
 z - a slice of pizza
 A - a beef jerky
 J - 24 fruits


   Skills:
 + Level 1.5(1.3) Fighting
 + Level 1.0(0.8) Short Blades
 + Level 1.4(1.3) Armour
 + Level 5.5(5.3) Dodging
 + Level 4.8(4.6) Stealth
 + Level 11.9(11.6) Spellcasting
 + Level 10.5(10.3) Conjurations
 + Level 2.0(1.8) Hexes
 + Level 2.1(2.0) Earth Magic


You had 17 spell levels left.
You knew the following spells:

 Your Spells              Type           Power        Failure   Level  Hunger
a - Magic Dart            Conj           ####         1%          1    None
b - Stone Arrow           Conj/Erth      #####.       1%          3    None
c - Dazzling Spray        Conj/Hex       #####...     1%          3    None
d - Iskenderun's Mystic   Conj           ######..     1%          4    None
e - Fulminant Prism       Conj/Hex       #####.....   1%          4    None


Dungeon Overview and Level Annotations

Branches:
Dungeon (8/15)             Temple (1/1) D:4
   Lair: D:8-11

Altars:
Ashenzari
Cheibriados
Dithmenos
Elyvilon
Gozag
Kikubaaqudgha
Makhleb
Nemelex Xobeh
Okawaru
Qazlal
Ru
Sif Muna
Trog
Vehumet
Xom
Yredelemnul
Zin
The Shining One

Shops:
D:5 [

Annotations:
D:8 Joseph


Message History

The wight hits you from afar with a halberd!
You feel drained.
* * * LOW HITPOINT WARNING * * *
2 wights come into view.
Casting: Iskenderun's Mystic Blast
Confirm with . or Enter, or press ? or * to list all spells.
Aiming: Iskenderun's Mystic Blast
Press: ? - help, Shift-Dir - straight line, f/p - Joseph
Aim: Joseph, wielding a hunting sling and wearing a ring mail (severely wounded)
The orb of energy hits the big kobold.
You kill the big kobold!
Vehumet accepts your kill.
You feel your power returning.
Your base Hexes skill increases to level 2!
You have reached level 10!
The orb of energy explodes!
The mystic blast hits the wight.
You destroy the wight!
Vehumet accepts your kill.
Joseph shoots a sling bullet.
The sling bullet hits you!
You die...

#### ...### ###
...zz #... ...#
#..#
#####.)#####..#
#
##.#.#)@#.#.#..#
#
#....@.........#
#
#.....(...P....#
#
#(.P...........#
#
#..............#
#
####...........#
# ###.####†...##
# #.# #....)#
#.# #.....# ####
..# #.....# #...


You could see Joseph and 2 wights.

Vanquished Creatures
  Pikel (D:5)
  The ghost of FurryRage the Covered, an average MiFi of Trog (D:4)
  Prince Ribbit (D:5)
  Sigmund (D:6)
  A hippogriff (D:7)
  2 slaves (D:5)
  An orc warrior (D:7)
  5 ogres
  2 sky beasts
  3 centaurs
  4 big kobolds
  2 giant frogs (D:7)
  2 scorpions
  A wight (D:8)
  5 crimson imps
  A giant frog skeleton (D:5)
  A gnoll shaman (D:8)
  2 hounds
  2 orc priests
  A centaur skeleton (D:6)
  A jelly (D:6)
  Crazy Yiuf (D:7)
  5 orc wizards
  9 worker ants
  4 big kobold zombies (Ossuary)
  2 mummies (Ossuary)
  A worker ant zombie (D:8)
  7 adders
  11 gnolls
  A river rat (D:5)
  A shadow imp (D:4)
  7 oozes
  2 adder zombies
  6 worms
  An adder skeleton (D:4)
  4 giant geckos
  26 orcs
  2 ball pythons
  6 giant cockroaches
  2 gnoll zombies (Ossuary)
  5 goblins
  5 hobgoblins
  8 jackals
  5 kobolds
  2 quokkas
  11 bats
  A giant gecko skeleton (D:4)
  7 giant newts
  2 goblin zombies (Ossuary)
  4 hobgoblin zombies (Ossuary)
  A jackal skeleton (D:8)
  2 orc zombies (Ossuary)
  12 rats
  2 rat zombies (D:6)
205 creatures vanquished.

Vanquished Creatures (others)
  A giant gecko (D:5)
  A fulminant prism (D:6)
2 creatures vanquished.

Grand Total: 207 creatures vanquished

Notes
Turn   | Place    | Note
--------------------------------------------------------------
     0 | D:1      | graki42 the Deep Elf Conjurer began the quest for the Orb.
     0 | D:1      | Reached XP level 1. HP: 10/10 MP: 6/6
   209 | D:1      | Reached XP level 2. HP: 13/15 MP: 8/8
   275 | D:1      | Reached skill level 5 in Conjurations
   700 | D:2      | Reached XP level 3. HP: 11/19 MP: 9/9
   723 | D:2      | Learned a level 2 spell: Searing Ray
   727 | D:2      | Learned a level 3 spell: Dazzling Spray
  1099 | D:2      | Reached XP level 4. HP: 22/24 MP: 9/11
  1458 | D:3      | Reached skill level 6 in Conjurations
  1534 | D:3      | Reached XP level 5. HP: 28/28 MP: 13/13
  1540 | D:3      | Found a white marble altar of Elyvilon.
  1545 | D:3      | Found an opulent altar of Gozag.
  1545 | D:3      | Found a glowing golden altar of the Shining One.
  1560 | D:3      | Found a snail-covered altar of Cheibriados.
  1564 | D:3      | Found a shimmering altar of Xom.
  2083 | D:4      | Noticed FurryRage's ghost (average MiFi)
  2102 | D:4      | Learned a level 4 spell: Iskenderun's Mystic Blast
  2139 | D:4      | Reached skill level 5 in Spellcasting
  2139 | D:4      | Reached XP level 6. HP: 32/32 MP: 15/15
  2192 | D:4      | Found a staircase to the Ecumenical Temple.
  2207 | Temple   | Entered the Ecumenical Temple
  2253 | Temple   | Became a worshipper of Vehumet
  2339 | D:4      | Killed FurryRage's ghost
  2339 | D:4      | Reached skill level 7 in Conjurations
  2339 | D:4      | Reached XP level 7. HP: 13/36 MP: 1/18
  2823 | D:5      | Entered Level 5 of the Dungeon
  2939 | D:5      | Found a glowing drain.
  2943 | Sewer    | Entered a sewer
  3039 | Sewer    | Acquired Vehumet's first power
  3039 | Sewer    | Offered knowledge of Shock by Vehumet.
  3399 | Sewer    | Reached skill level 8 in Spellcasting
  3519 | D:5      | Noticed Pikel
  3729 | D:5      | Reached XP level 8. HP: 34/41 MP: 11/22
  3734 | D:5      | Noticed Prince Ribbit
  3851 | D:5      | Killed Prince Ribbit
  3887 | D:5      | Reached skill level 9 in Spellcasting
  4012 | D:5      | Found a bloodstained altar of Trog.
  4025 | D:5      | Found Maumil's Antique Armour Shoppe.
  4055 | D:5      | Killed Pikel
  4055 | D:5      | Reached skill level 1 in Fighting
  4055 | D:5      | Reached skill level 10 in Spellcasting
  4237 | D:5      | Got a dazzling short sword {venom}
  4238 | D:5      | Identified the cursed +1 short sword of Supply {venom, Int+2} (You took it off a crimson imp on level 5 of the Dungeon)
  4315 | D:5      | Found a burning altar of Makhleb.
  4596 | D:6      | Found a sand-covered staircase.
  4602 | D:6      | Reached XP level 9. HP: 47/47 MP: 25/25
  4607 | D:6      | Offered knowledge of Sting by Vehumet.
  4613 | Ossuary  | Entered an ossuary
  5131 | D:5      | Bought a pair of faintly humming gloves for 247 gold pieces
  5131 | D:5      | Bought an ichor-stained leather armour for 182 gold pieces
  5141 | D:5      | Identified the -6 pair of gloves "Naososoq" {MP+9 Str-3 SInv} (You bought it in a shop on level 5 of the Dungeon)
  5151 | D:5      | Identified the +3 leather armour of Feasting {Str+2} (You bought it in a shop on level 5 of the Dungeon)
  5203 | D:6      | Reached skill level 5 in Dodging
  5320 | D:6      | Reached skill level 1 in Hexes
  5330 | D:6      | Offered knowledge of Stone Arrow by Vehumet.
  5335 | D:6      | Learned a level 3 spell: Stone Arrow
  5700 | D:6      | Learned a level 4 spell: Fulminant Prism
  5774 | D:6      | Noticed Sigmund
  5777 | D:6      | Acquired Vehumet's second power
  5778 | D:6      | Killed Sigmund
  5778 | D:6      | Reached skill level 11 in Spellcasting
  5778 | D:6      | Reached skill level 10 in Conjurations
  5839 | D:7      | Reached skill level 1 in Short Blades
  6022 | D:7      | Reached skill level 1 in Armour
  6077 | D:7      | Reached skill level 1 in Earth Magic
  6319 | D:7      | Noticed Crazy Yiuf
  6322 | D:7      | Killed Crazy Yiuf
  6488 | D:8      | Offered knowledge of Throw Icicle by Vehumet.
  6661 | D:8      | Noticed Joseph
  6668 | D:8      | Reached XP level 10. HP: 15/52 MP: 18/27
  6668 | D:8      | Shot with a sling bullet by Joseph

Vault maps used:
D:1:      roderic_octagonal_star, minmay_misc_feat_tower
D:3:      minmay_overflow_temple_star_hex, first_bread
D:4:      minmay_temple_entry_mist, minmay_misc_feat_x
D:5:      old_standard_altar, bloody_makhleb, serial_shops,
          nicolae_shop_waterfront, gup_sewer_entry_bowl, uniq_pikel,
          uniq_prince_ribbit1
D:6:      enter_ossuary_4, minivault_25, uniq_sigmund
D:7:      uniq_crazy_yiuf_cottage
D:8:      serial_shops, nicolae_shop_behind_doors, blue_anna_alchemist,
          uniq_joseph
Temple:   eino_temple_water_12
Sewer:    sewer_co_15_rooms
Ossuary:  minmay_ossuary_gauntlet

Action                   |  1- 3 |  4- 6 |  7- 9 | 10-12 || total
-------------------------+-------+-------+-------+-------++-------
Melee: Dagger            |       |       |     8 |       ||     8
       Short sword       |       |       |    25 |       ||    25
 Cast: Magic Dart        |    78 |    54 |   103 |       ||   235
       Searing Ray       |     2 |    11 |     1 |       ||    14
       Iskenderun's Myst |       |     6 |   104 |     1 ||   111
       Dazzling Spray    |       |       |    22 |       ||    22
       Stone Arrow       |       |       |    30 |       ||    30
       Fulminant Prism   |       |       |     1 |       ||     1
  Use: Scroll            |       |       |    13 |       ||    13
       Potion            |       |       |     2 |       ||     2
 Stab: Invisible         |       |       |     1 |       ||     1
       Sleeping          |       |       |     1 |       ||     1
  Eat: Chunk             |       |     4 |    11 |       ||    15
       Royal jelly       |       |       |     1 |       ||     1
       Beef jerky        |       |       |     1 |       ||     1
       Meat ration       |       |       |     1 |       ||     1
